 Dungeon Crawl Stone Soup version 0.18-a0-1203-gbde16db (webtiles) character file.

1316 krabocopter the Grappler (level 8, 0/74 HPs)
             Began as a Troll Monk on Jan 31, 2016.
             Was an Initiate of Ru.
             Slain by a giant frog (7 damage)
             ... on level 6 of the Dungeon.
             The game lasted 00:11:20 (3772 turns).

krabocopter the Grappler (Troll Monk)               Turns: 3772, Time: 00:11:21

Health: 0/74       AC:  5    Str: 20    XL:     8   Next: 33%
Magic:  6/6        EV: 16    Int:  3    God:    Ru [......]
Gold:   182        SH:  0    Dex: 19    Spells: 0 memorised, 7 levels left

rFire  . . .     SeeInvis .       - Unarmed
rCold  . . .     Gourm    +     a - +0 robe
rNeg   . . .     Faith    +     (no shield)
rPois  .         Spirit   .     (helmet restricted)
rElec  .         Dismiss  .     (no cloak)
rCorr  .         Reflect  .     (gloves unavailable)
SustAt .         Harm     .     (boots unavailable)
MR     .....                    x - amulet of faith
Stlth  +++.......               (no ring)
                                v - -3 ring of intelligence (curse)

@: agile, not resistant to hostile enchantments, fairly stealthy
A: unfitting armour, claws 3, fast metabolism 3, gourmand, low mp 1,
regeneration 2, shaggy fur 1, tough skin 2
a: Renounce Religion


You were on level 6 of the Dungeon.
You worshipped Ru.
Ru was noncommittal.
You were completely stuffed.

You visited 2 branches of the dungeon, and saw 7 of its levels.

You collected 182 gold pieces.

Inventory:

Hand Weapons
 u - a +2 war axe of freezing
 B - a +3 flail of protection
Armour
 a - a +0 robe (worn)
Jewellery
 v - a cursed -3 ring of intelligence (left claw)
 x - an amulet of faith (around neck)
 A - a cursed ring of teleportation {unknown}
Wands
 n - a wand of teleportation (6/9)
 s - a wand of lightning (10/15)
Scrolls
 f - 3 scrolls of identify
 g - 2 scrolls of immolation
 j - a scroll of amnesia {unknown}
 p - 2 scrolls of remove curse
 r - 3 scrolls of blinking {unknown}
 t - 2 scrolls of teleportation {unknown}
 y - a scroll of fog {unknown}
Potions
 d - a potion of cancellation
 h - a potion of ambrosia {unknown}
 k - a potion of curing
 l - a potion of poison {unknown}
 o - a potion of flight {unknown}
 q - 2 potions of brilliance {unknown}
 w - a potion of mutation {unknown}
Comestibles
 b - 6 bread rations
 c - 3 slices of pizza
 i - a beef jerky
 m - 2 meat rations
 z - a chunk of flesh


   Skills:
 - Level 2.4 Fighting
 - Level 2.4 Dodging
 - Level 1.1 Stealth
 + Level 10.8 Unarmed Combat


You had 7 spell levels left.
You didn't know any spells.

Dungeon Overview and Level Annotations

Branches:
Dungeon (6/15)             Temple (1/1) D:5

Altars:
Ashenzari
Cheibriados
Dithmenos
Elyvilon
Fedhas
Gozag
Kikubaaqudgha
Makhleb
Nemelex Xobeh
Okawaru
Qazlal
Ru
Sif Muna
Trog
Vehumet
Xom
Yredelemnul
Zin
The Shining One


Innate Abilities, Weirdness & Mutations

You are too large for most types of armour.
You have claws for hands.
Your metabolism is lightning-fast.
You like to eat raw meat.
Your magical capacity is low (-10% MP).
You heal very quickly.
You are covered in fur (AC +1).
You have very tough skin (AC +2).


Message History

The giant frog hits you.
* * * LOW HITPOINT WARNING * * *
The giant frog hits you but does no damage.
Drink which item? (? for menu, Esc to quit)
You feel agile all of a sudden. The giant frog closely misses you.
You miss the giant frog. The giant frog hits you.
* * * LOW HITPOINT WARNING * * *
The giant frog misses you.
You scratch the giant frog.
The giant frog is lightly wounded.
The giant frog hits you.
* * * LOW HITPOINT WARNING * * *
Drink which item? (? for menu, Esc to quit)
It was a potion of curing.
You feel better.
The giant frog hits you but does no damage.
You miss the giant frog.
The giant frog is lightly wounded.
The giant frog hits you!
You die...

### # .# # .# # .# # .# #
.# # ##.# # #..# # ######
#@# ######....###
##F#########g ............#
#..o)o)..."..
.###.P.P.##.###..##..##.#..
......_.....[....##..#
.##..P.P..#.###[##.....
.###......#.# #.# ...#.#
.####..####.# #.##...#...
............# #....(.. ...


You could see a giant frog and an orc.

Vanquished Creatures
  A two-headed ogre (D:5)
  The ghost of maxc the Skirmisher, an amateur CeFi (D:4)
  The ghost of PeterLawrence the Cudgeler, an amateur GrFi (D:3)
  A water moccasin (D:5)
  An ice beast (D:6)
  An orc warrior (D:6)
  An ogre (D:6)
  A scorpion (D:4)
  2 hounds
  An orc priest (D:4)
  Jessica (D:2)
  An iguana (D:5)
  3 worker ants
  A hound skeleton (D:4)
  Robin (D:3)
  3 adders
  7 gnolls
  A shadow imp (D:6)
  2 oozes (D:1)
  2 worms
  6 giant geckos
  6 orcs
  4 giant cockroaches
  9 goblins (D:3)
  8 hobgoblins
  9 kobolds
  A quokka (D:2)
  4 ball pythons
  10 bats
  5 giant newts
  7 rats
102 creatures vanquished.

Notes
Turn   | Place    | Note
--------------------------------------------------------------
     0 | D:1      | krabocopter the Troll Monk began the quest for the Orb.
     0 | D:1      | Reached XP level 1. HP: 22/22 MP: 0/0
   105 | D:1      | Reached XP level 2. HP: 29/29 MP: 1/1
   840 | D:2      | Reached skill level 5 in Unarmed Combat
   840 | D:2      | Reached XP level 3. HP: 34/36 MP: 2/2
   856 | D:2      | Found a shadowy altar of Dithmenos.
   874 | D:2      | Noticed Jessica
   878 | D:2      | Killed Jessica
  1180 | D:2      | Reached XP level 4. HP: 44/44 MP: 3/3
  1554 | D:3      | Noticed Robin
  1580 | D:3      | Killed Robin
  1580 | D:3      | Reached skill level 6 in Unarmed Combat
  1709 | D:3      | Noticed PeterLawrence's ghost (amateur GrFi)
  1739 | D:3      | Killed PeterLawrence's ghost
  1739 | D:3      | Reached skill level 7 in Unarmed Combat
  1739 | D:3      | Reached XP level 5. HP: 6/50 MP: 4/4
  2463 | D:4      | Reached XP level 6. HP: 59/59 MP: 5/5
  2493 | D:4      | Noticed maxc's ghost (amateur CeFi)
  2513 | D:4      | Killed maxc's ghost
  2513 | D:4      | Reached skill level 8 in Unarmed Combat
  2772 | D:4      | Reached XP level 7. HP: 54/66 MP: 6/6
  3030 | D:5      | Entered Level 5 of the Dungeon
  3031 | D:5      | Found a staircase to the Ecumenical Temple.
  3070 | Temple   | Entered the Ecumenical Temple
  3090 | Temple   | Became a worshipper of Ru the Awakened
  3097 | Temple   | Gained mutation: Your magical capacity is low (-10% MP). [Ru sacrifice]
  3209 | D:5      | Reached skill level 9 in Unarmed Combat
  3229 | D:5      | Noticed a two-headed ogre
  3473 | D:5      | Killed a two-headed ogre
  3473 | D:5      | Reached skill level 10 in Unarmed Combat
  3535 | D:5      | Found a snail-covered altar of Cheibriados.
  3535 | D:5      | Found a glowing golden altar of the Shining One.
  3540 | D:5      | Reached XP level 8. HP: 74/74 MP: 6/6
  3698 | D:6      | Found a basalt altar of Yredelemnul.
  3770 | D:6      | HP: 1/74 [giant frog (6)]
  3772 | D:6      | Slain by a giant frog

Vault maps used:
D:1:      sevenhm_arrival_forest_fort_large_1
D:2:      overflow_temple_1_default, uniq_jessica
D:3:      mrwooster_statue_mirror, uniq_robin
D:4:      first_bread
D:5:      gammafunk_temple_overflow_elements, temple_statues
D:6:      kennysheep_mini, grunt_pakellas_basics, yredelemnul_altar_generic
Temple:   eino_wide_crystal_templ_15

Action                   |  1- 3 |  4- 6 |  7- 9 || total
-------------------------+-------+-------+-------++-------
Melee: Unarmed           |    87 |   119 |    70 ||   276
Invok: Sacrifice Essence |       |       |     1 ||     1
  Use: Scroll            |     2 |       |       ||     2
       Potion            |       |     1 |     3 ||     4
 Stab: Sleeping          |     2 |     4 |       ||     6
  Eat: Chunk             |    16 |    14 |    10 ||    40
